 Dungeon Crawl Stone Soup version 0.30-a0-867-g305f33218d (webtiles) character file.

Game seed: 6243636782325576116

1320 jasper the Reanimator (level 8, 0/52 HPs)
             Began as a Demonspawn Necromancer on Mar 10, 2023.
             Was a Follower of Vehumet.
             Slain by an orc warrior
             ... wielding a +0 glaive
              (9 damage)
             ... in a bailey.
             The game lasted 00:10:47 (5527 turns).

jasper the Reanimator (Demonspawn Necromancer)      Turns: 5527, Time: 00:10:48

Health: 0/52       AC: 10    Str:  8    XL:     8   Next: 33%
Magic:  11/14      EV: 11    Int: 24    God:    Vehumet [*.....]
Gold:   239        SH:  0    Dex: 14    Spells: 2/15 levels left

rFire   . . .      SeeInvis .    x - +2 quarterstaff (drain)
rCold   . . .      Faith    .    (shield currently unavailable)
rNeg    . . .      Spirit   .    h - +3 leather armour of the Sacrificial Victim {rPois Int+5}
rPois   +          Reflect  .    (no helmet)
rElec   .          Rampage  .    y - +1 cloak
rCorr   .                        (no gloves)
Will    .....                    (no boots)
Stlth   ++                       (no amulet)
HPRegen 0.28/turn                (no ring)
MPRegen 0.14/turn                (no ring)

@: no status effects
A: slimy green scales 1, foul stench 1, weakness stinger 1
a: Renounce Religion


You were in a bailey.
You worshipped Vehumet.
Vehumet was aware of your devotion.
You visited 2 branches of the dungeon, and saw 8 of its levels.
You also visited: Bailey.

You collected 321 gold pieces.
You spent 82 gold pieces at shops.

Inventory:

Hand Weapons
 e - a +0 dagger
 f - a +1 short sword
 x - a +2 quarterstaff of draining (weapon)
Missiles
 d - 4 silver boomerangs
 g - 69 stones
 w - a throwing net
Armour
 a - a +0 robe
 h - the +3 leather armour of the Sacrificial Victim (worn) {rPois Int+5}
   (You found it on level 2 of the Dungeon)

   Int:       It affects your intelligence (+5).
   rPois:     It protects you from poison.
 q - a +0 cloak
 y - a +1 cloak (worn)
Magical Staves
 c - a staff of cold
Jewellery
 s - a +5 ring of evasion
Scrolls
 i - 3 scrolls of vulnerability
 o - 2 scrolls of identify
 p - 2 scrolls of teleportation
 r - a scroll of enchant weapon
Potions
 b - a potion of magic
 j - 2 potions of haste {unknown}
 k - 2 potions of degeneration
 l - 4 potions of brilliance
 m - 3 potions of curing {unknown}
 n - a potion of ambrosia {unknown}
 t - a potion of might
 u - a potion of lignification {unknown}
 v - a potion of attraction {unknown}


   Skills:
 - Level 1.7 Dodging
 - Level 1.7 Stealth
 - Level 4.0 Spellcasting
 + Level 1.9 Conjurations
 - Level 10.0 Necromancy
 - Level 3.0 Translocations
 + Level 1.5 Earth Magic


You had 2 spell levels left.
You knew the following spells:

 Your Spells              Type           Power      Damage    Failure   Level
a - Necrotise             Necr           100%       1d9       1%          1
b - Vampiric Draining     Necr           52%        2d9       1%          3
c - Animate Dead          Necr           52%        N/A       2%          4
d - Stone Arrow           Conj/Erth      26%        3d8       22%         3
e - Blink                 Tloc           38%        N/A       6%          2

Your spell library contained the following spells:

 Spells                   Type           Power      Damage    Failure   Level
 Freeze                   Ice            16%        1d4       14%         1
 Cigotuvi's Dreadful Rot  Necr/Pois/Air  40%        N/A       5%          2
 Lesser Beckoning         Tloc           38%        N/A       6%          2
 Sandblast                Erth           24%        2d8       8%          1
 Momentum Strike          Conj/Tloc      32%        3d8       8%          2
 Beastly Appendage        Tmut           8%         N/A       14%         1
 Passwall                 Tmut/Erth      6%         N/A       16%         2
 Wereblood                Tmut           4%         N/A       22%         2
 Dispel Undead            Necr           52%        3d19      2%          4
 Agony                    Necr           52%        N/A       6%          5
 Gell's Gravitas          Tloc           19%        N/A       12%         3
 Teleport Other           Tloc           19%        N/A       12%         3
 Death Channel            Necr           26%        N/A       34%         6
 Spider Form              Tmut/Pois      4%         N/A       38%         3
 Dispersal                Tloc           9%         N/A       99%         6


Dungeon Overview and Level Annotations

Branches:
Dungeon (7/15)             Temple (1/1) D:4          Bailey (1/1)

Altars:
Ashenzari
Cheibriados
Hepliaklqana
Kikubaaqudgha
Nemelex Xobeh
Trog
Uskayaw
Vehumet
Wu Jian

Shops:
D:3 ?


Innate Abilities, Weirdness & Mutations

You are partially covered in slimy green scales. (AC +2)
You may rarely emit foul miasma when damaged in melee.
You have a small tail.


Message History

Found 39 gold pieces.
The orc warrior shouts!
The orc shouts!
You hear a shout!
The orc hits you from afar with a +0 halberd.
You hear a shout!
The orc warrior shouts!
You take 3 damage, and have 49/52 hp.
You hear a shout!
The orc hits you from afar with a +0 halberd.
You hear a shout!
You take 2 damage, and have 47/52 hp.
Your orc warrior zombie hits the orc.
Your orc warrior zombie hits the orc but does no damage.
The orc closely misses you.
The orc warrior hits you with a +0 glaive!
You take 12 damage, and have 35/52 hp.
MASSIVE DAMAGE!!
The orc closely misses you.
Your orc warrior zombie hits the orc.
The orc warrior hits you from afar with a +0 glaive!
You take 12 damage, and have 23/52 hp.
MASSIVE DAMAGE!!
You hit the orc.
The orc is almost dead.
The orc warrior hits you but does no damage.
The orc barely misses you.
The orc warrior hits you from afar with a +0 glaive!
* * * LOW HITPOINT WARNING * * *
Your orc warrior zombie hits the orc but does no damage.
You take 14 damage, and have 9/52 hp.
MASSIVE DAMAGE!!
Casting: Vampiric Draining (safe; 1% risk of failure)
Confirm with . or Enter, or press ? or * to list all spells.
Okay, then.
Okay, then.
Casting: Vampiric Draining (safe; 1% risk of failure)
Confirm with . or Enter, or press ? or * to list all spells.
Aiming: Vampiric Draining (safe; 1% risk of failure)
Press: ? - help, Shift-Dir - straight line, f - orc
Aim: an orc, wielding a +0 halberd and wearing a +0 scale mail (almost dead, ally target)
You draw life force from the orc!
You kill the orc!
Vehumet accepts your kill. The orc warrior barely misses you.
The orc warrior hits you from afar with a +0 glaive!
You die...

### ####.$#..≈≈≈≈
.....#...≈≈≈≈.....#
...##...≈≈≈≈..♣♣..
#..#....≈ ≈..♣...
#8o#...######.....
#.Z#..............
#@)'..............
#..'..............
#oo#..)...........
#8.#...######.....
#..#....≈≈≈≈......
...##.♣.≈≈≈≈..♣...
.....#...≈≈≈≈.....#
####.$#..♣≈≈≈≈..♣.##
####..♣≈≈≈≈≈...#


You could see 2 orc warriors, an orc and a friendly orc warrior zombie.

Vanquished Creatures
  An ice beast (D:7)
  2 orc warriors (Bailey)
  2 ogres
  A black bear (D:5)
  A phantom (D:5)
  An orc priest (D:3)
  Crazy Yiuf (D:6)
  2 hounds
  3 iguanas
  2 sleepcaps
  An orc wizard (D:4)
  2 gnolls (D:3)
  7 adders
  A white imp (D:4)
  An ufetubus (D:4)
  6 dart slugs
  2 worms
  10 orcs
  3 ball pythons
  8 endoplasms
  4 giant cockroaches
  5 goblins
  7 hobgoblins
  5 kobolds
  3 quokkas (D:1)
  6 bats
  4 frilled lizards
  9 rats
100 creatures vanquished.

Vanquished Creatures (collateral kills)
  An ice beast (D:5)
  A scorpion (D:5)
  A hound (D:5)
  An orc wizard (D:5)
  An adder (D:5)
  A gnoll (D:3)
  An endoplasm (D:4)
  A hobgoblin (D:1)
  A quokka (D:5)
  A frilled lizard (D:1)
  A kobold (D:1)
  A rat (D:1)
12 creatures vanquished.

Vanquished Creatures (others)
  A hound zombie (D:5)
  An iguana zombie (D:5)
  3 orc zombies
5 creatures vanquished.

Grand Total: 117 creatures vanquished

Notes
Turn   | Place    | Note
-------+----------+-------------------------------------------
     0 | D:1      | jasper the Demonspawn Necromancer began the quest for the
                  | Orb.
     0 | D:1      | Reached XP level 1. HP: 13/13 MP: 3/3
    84 | D:1      | You fall into a shaft and drop 1 floor!
   139 | D:2      | Found a faded altar of an unknown god.
   153 | D:2      | Identified the +3 leather armour of the Sacrificial Victim
                  | {rPois Int+5}
   204 | D:2      | Gained mutation: You have a small tail. [demonic ancestry]
   204 | D:2      | Reached XP level 2. HP: 19/19 MP: 3/5
   336 | D:1      | Reached skill level 5 in Necromancy
   616 | D:1      | Gained mutation: You may rarely emit foul miasma when
                  | damaged in melee. [demonic ancestry]
   616 | D:1      | Reached XP level 3. HP: 24/24 MP: 4/6
  1266 | D:2      | Learned a level 3 spell: Vampiric Draining
  1364 | D:2      | Reached skill level 6 in Necromancy
  1554 | D:2      | Reached XP level 4. HP: 27/30 MP: 2/7
  1898 | D:3      | Found Bocoh's Magic Scroll Shop.
  1926 | D:3      | Bought a scroll of blinking for 82 gold pieces
  2202 | D:3      | Reached skill level 7 in Necromancy
  2202 | D:3      | Gained mutation: You are partially covered in slimy green
                  | scales. (AC +2) [demonic ancestry]
  2202 | D:3      | Reached XP level 5. HP: 35/35 MP: 0/8
  2640 | D:4      | Noticed an ogre
  2650 | D:4      | Killed an ogre
  2651 | D:4      | Reached skill level 8 in Necromancy
  2651 | D:4      | Reached XP level 6. HP: 30/41 MP: 0/9
  2695 | D:4      | Learned a level 4 spell: Animate Dead
  2779 | D:4      | Found a staircase to the Ecumenical Temple.
  2853 | Temple   | Entered the Ecumenical Temple
  2877 | Temple   | Became a worshipper of Vehumet
  3531 | D:4      | Found a sparkling altar of Nemelex Xobeh.
  3604 | D:5      | Entered Level 5 of the Dungeon
  3608 | D:5      | Noticed an ice beast
  3788 | D:5      | Reached skill level 9 in Necromancy
  3825 | D:5      | Reached XP level 7. HP: 33/46 MP: 2/10
  4014 | D:5      | Reached skill level 10 in Necromancy
  4309 | D:5      | Found a hazy altar of Hepliaklqana.
  4322 | D:5      | Learned a level 3 spell: Stone Arrow
  4325 | D:5      | Learned a level 2 spell: Blink
  4663 | D:6      | Found a runed translucent door.
  4664 | D:6      | Noticed Crazy Yiuf
  4898 | D:6      | Reached skill level 1 in Translocations
  5100 | D:6      | Reached XP level 8. HP: 52/52 MP: 8/14
  5147 | D:6      | Found a snail-covered altar of Cheibriados.
  5208 | D:6      | Killed Crazy Yiuf
  5291 | D:7      | Found a flagged portal.
  5333 | Bailey   | Entered a bailey
  5367 | Bailey   | Reached skill level 1 in Conjurations
  5431 | Bailey   | Reached * piety under Vehumet
  5431 | Bailey   | Offered knowledge of Freeze by Vehumet.
  5432 | Bailey   | Reached skill level 1 in Earth Magic
  5527 | Bailey   | Slain by an orc warrior

Illustrated notes

Levels and vault maps discovered:
D:1:      dpeg_arrival_castle, layout_rooms, minmay_pentomino_x4
D:2:      layout_basic, basic_ecumenical_altar
D:3:      layout_basic, serial_shops, shop, serial_glass, glass_columns_b,
          glass_columns_a
D:4:      layout_cave_pods, nemelex_dance_club_becter, temple_pool_b
D:5:      layout_rooms, lemuel_crystal_altar, nicolae_fountain_basement
D:6:      kennysheep_spiral_hall, layout_loops_ring,
          mainiacjoe_overflow_small_starburst, hangedman_abyss_or_decor_passed,
          dreamdust_wishing_well, kennysheep_generic_room_9,
          uniq_crazy_yiuf_cottage
D:7:      layout_cave_pods, enter_bailey_3, uniq_prince_ribbit1
Temple:   eino_wide_crystal_templ
Bailey:   bailey_polearm_elven_captive_hellmonk, bailey

Skill      XL: |  1  2  3  4  5  6  7  8 |
---------------+-------------------------+-----
Necromancy     | 5 6 7 8 9 10 | 10.0
Spellcasting   | 4 |  4.0
Translocations | 1 3 |  3.0
Conjurations   | 1 |  1.9
Earth Magic    | 1 |  1.5
Dodging        | |  1.7
Stealth        | |  1.7

Action                     |  1- 3 |  4- 6 |  7- 9 || total
---------------------------+-------+-------+-------++-------
  Melee: Dagger            |     3 |       |       ||     3
         Short sword       |    12 |    62 |    68 ||   142
         Tailslap          |     1 |     4 |    21 ||    26
         Punch             |       |     3 |     2 ||     5
         Quarterstaff      |       |       |    17 ||    17
   Cast: Necrotise         |    61 |    86 |    21 ||   168
         Vampiric Draining |       |     5 |    13 ||    18
         Animate Dead      |       |     3 |     1 ||     4
    Use: Scroll            |     3 |     6 |     1 ||    10
         Potion            |       |     1 |     1 ||     2
   Stab: Distracted        |       |     1 |       ||     1
 Armour: Robe              |     2 |       |       ||     2
         Leather armour    |    10 |    44 |    35 ||    89
  Dodge: Dodged            |    21 |    68 |    57 ||   146

Table legend: (Time is in decaauts)
 A = Elapsed time spent in this place.
 B = Non-inter-level travel time spent in this place.
 C = Inter-level travel time spent in this place.
 D = Time resting spent in this place.
 E = Time spent auto-exploring this place.
 F = Levels seen in this place.
 G = Mean time per level.
                   A        B        C        D        E       F      G
               +--------+--------+--------+--------+--------+-----+--------+
         Total |   5536 |   5357 |    179 |    292 |   4098 |   9 |  615.1 |
       Dungeon |   5309 |   5136 |    173 |    167 |   4074 |   7 |  758.4 |
        Temple |     31 |     25 |      6 |      0 |     10 |   1 |   31.0 |
        Bailey |    195 |    195 |      0 |    125 |     14 |   1 |  195.0 |
               +--------+--------+--------+--------+--------+-----+--------+

Top non-repeatable levels by time:
     D:4: 1197 daAuts
     D:2: 960 daAuts
     D:5: 825 daAuts
     D:1: 795 daAuts
     D:3: 782 daAuts
     D:6: 677 daAuts
  Bailey: 195 daAuts
     D:7: 69 daAuts
  Temple: 31 daAuts
